 Dungeon Crawl Stone Soup version 0.31-a0-455-g1a7b003ef0 (webtiles) character file.

Game seed: 386211598388156640

3376 Gelion the Mimic (level 10, -3/100 (103) HPs)
             Began as an Octopode Shapeshifter on Aug 4, 2023.
             Was an Initiate of Gozag.
             Slain by a wight
             ... wielding a +0 great sword
              (5 damage)
             ... on level 8 of the Dungeon.
             The game lasted 00:14:17 (7580 turns).

Gelion the Mimic (Octopode Shapeshifter)            Turns: 7580, Time: 00:14:18

HP:   -3/100 (103)  AC: 25    Str: 15    XL:     10   Next: 3%
MP:   10/10         EV:  2    Int: 11    God:    Gozag
Gold: 674           SH:  0    Dex: 16    Spells: 9/9 levels left

rFire   . .          .
                       - Unarmed
rCold   . . .        (no shield)
rNeg    . . .        (helmet currently unavailable)
rPois   +            (no amulet)
rElec   .            (no ring)
rCorr   .            (no ring)
SInv    .            (no ring)
Will    .....        (no ring)
Stlth   +            (no ring)
HPRegen 0.36/turn    (no ring)
MPRegen 0.12/turn    (no ring)
                     (no ring)

%: no passive effects
@: lethally poisoned (-3 -> -7), tree-form, gold aura, studying Ranged Weapons,
lightly drained
A: stationary, stasis, torment immunity, boosted hp, almost no armour,
(amphibious), 8 rings, (camouflage 1), (gelatinous body 1), (nimble swimmer 1),
(tentacles)
a: Renounce Religion, Potion Petition, Call Merchant, Bribe Branch


You were on level 8 of the Dungeon.
You worshipped Gozag.
Gozag was pleased with you.
You were a tree.
You visited 2 branches of the dungeon, and saw 9 of its levels.

You collected 834 gold pieces.
You paid 160 gold pieces to Gozag.

Inventory:

Missiles
 j - 2 throwing nets
 l - 3 javelins
Talismans
 b - a beast talisman
Wands
 f - a wand of roots (6)
Scrolls
 a - a scroll of immolation
 c - 2 scrolls of silence
 d - a scroll of revelation
 e - 3 scrolls of teleportation
 h - 2 scrolls of fog
 o - a scroll of enchant weapon
Potions
 g - a potion of mutation


   Skills:
 + Level 6.9 Fighting
 - Level 2.0 Dodging
 + Level 7.5 Unarmed Combat
 * Level 8.9 Shapeshifting


You had 9 spell levels left.
You didn't know any spells.
Your spell library contained the following spells:

 Spells                   Type           Power      Damage    Failure   Level
 Kiss of Death            Conj/Necr      0%         2d5       34%         1
 Slow                     Hex            0%         N/A       34%         1
 Sublimation of Blood     Necr           0%         N/A       47%         2
 Confusing Touch          Hex            0%         N/A       71%         3
 Gell's Gravitas          Tloc           0%         N/A       71%         3
 Teleport Other           Tloc           0%         N/A       71%         3
 Vampiric Draining        Necr           0%         2d6       71%         3
 Vhi's Electric Charge    Tloc/Air       0%         N/A       71%         3
 Dispel Undead            Necr           0%         3d6       98%         4
 Arcjolt                  Conj/Air       0%         1d10      100%        5
 Dispersal                Tloc           0%         N/A       100%        6
 Leda's Unmaking          Conj/Erth      0%         9d1       100%        6
 Maxwell's Capacitive Co  Air            0%         ∞         100%        8
 Death's Door             Necr           0%         N/A       100%        9


Dungeon Overview and Level Annotations

Branches:
Dungeon (8/15)             Temple (1/1) D:6
   Lair: D:8-11

Altars:
Ashenzari
Cheibriados
Dithmenos
Elyvilon
Fedhas
Gozag
Kikubaaqudgha
Makhleb
Okawaru
Qazlal
Sif Muna
Trog
Uskayaw
Wu Jian
Xom
Yredelemnul
Zin
The Shining One

Shops:
D:3 *   D:6 (

Annotations:
D:5 2 runed translucent doors, Loveship's ghost, novice GrEE


Innate Abilities, Weirdness & Mutations

You are a tree.
Your roots penetrate the ground, keeping you stationary.
You cannot be teleported.
You are immune to unholy pain and torment.
Your maximum health is greatly increased.
You cannot wear most types of armour.
((You are amphibious.))
You can wear up to eight rings at the same time.
((Your skin changes colour to match your surroundings (Stealth+).))
((Your rubbery body absorbs attacks. (AC +1, EV +1)))
((You are camouflaged when in or above water. (Stealth+)))
((You have tentacles for arms and can constrict up to eight enemies at once.))


Message History

The killer bee poisons you! The wight hits you but does no damage.
The centaur hits you but does no damage.
The centaur kicks you but does no damage.
The killer bee is distracted by your dazzling golden aura.
Unknown command.
The killer bee buzzes angrily.
You hit the centaur but do no damage.
The centaur is almost dead.
You feel very sick.
The centaur hits you but does no damage.
The centaur kicks you but does no damage.
The wight is distracted by your dazzling golden aura.
You smack the centaur!
You kill the centaur!
You feel sick.
The wight is no longer distracted by gold.
The wight hits you but does no damage.
Unknown command.
You closely miss the killer bee.
The killer bee is no longer distracted by gold.
The killer bee is almost dead.
You feel sick.
The killer bee is distracted by your dazzling golden aura.
The wight is distracted by your dazzling golden aura.
The wight hits you with a +0 dagger.
* * * LOW HITPOINT WARNING * * *
You feel drained.
* * * LOW HITPOINT WARNING * * *
The wight hits you but does no damage.
The killer bee buzzes angrily.
You miss the killer bee.
The killer bee is no longer distracted by gold.
The killer bee is almost dead.
* * * LOW HITPOINT WARNING * * *
You feel sick. The killer bee barely misses you.
The killer bee stings you but does no damage.
The wight hits you but does no damage.
The wight hits you with a +0 great sword.
You die...
Your body crumbles into a pile of gold.

.......# #........[.........
.......# #..................
.......# #..................
.......########..................
.................................
#####+#..........)...............
......#........###z#...$.....≈≈≈≈
......#........#zz.#..$......≈≈≈≈
......#........'♣y.#.........≈≈_.
.##'###........#.$.#..y$$....≈≈>.
###.################.........≈≈≈≈
.....# ..z........≈≈ .....#
.....cyz....... .....#
.......z.......# .....#
.......y......## ....## ..
.........zz.... ....# ...


You could see a killer bee and 3 wights.

Vanquished Creatures
  The ghost of bahustanut the Destroyer, a novice OpCj (D:6)
  Menkaure (D:6)
  Duvessa (D:6)
  2 black bears
  3 ice beasts
  An ogre (D:5)
  3 centaurs
  A kobold brigand (D:4)
  3 phantoms
  3 bullfrogs
  A gnoll sergeant (D:6)
  4 scorpions
  A wight (D:8)
  9 killer bees
  Dowan (D:6)
  A howler monkey (D:5)
  5 hounds
  A jelly (D:5)
  2 orc priests
  A sleepcap (D:6)
  3 iguanas
  An orc wizard (D:6)
  7 gnolls
  11 adders
  4 white imps
  3 ufetubi
  A worm (D:2)
  2 dart slugs
  15 orcs
  10 ball pythons
  7 endoplasms
  4 giant cockroaches
  7 goblins
  10 hobgoblins
  6 jackals
  6 kobolds
  7 quokkas
  6 bats
  3 frilled lizards (D:1)
  3 rats
161 creatures vanquished.

Vanquished Creatures (collateral kills)
  A gnoll bouda (D:7)
  3 gnolls (D:7)
4 creatures vanquished.

Grand Total: 165 creatures vanquished

Notes
Turn   | Place    | Note
-------+----------+-------------------------------------------
     0 | D:1      | Gelion the Octopode Shapeshifter began the quest for the
                  | Orb.
     0 | D:1      | Reached XP level 1. HP: 13/13 MP: 1/1
   130 | D:1      | Reached XP level 2. HP: 17/18 MP: 2/2
   260 | D:1      | Reached XP level 3. HP: 17/23 MP: 3/3
   877 | D:2      | Reached XP level 4. HP: 22/29 MP: 4/4
  1010 | D:2      | Got Ileuli's Incunable of Volcanic Spectres
  1315 | D:2      | Noticed a black bear
  1329 | D:2      | Killed a black bear
  1330 | D:2      | Reached skill level 4 in Shapeshifting
  1330 | D:2      | Reached XP level 5. HP: 35/35 MP: 5/5
  1436 | D:3      | Found Rarphuruu's General Store.
  1437 | D:3      | Found an ancient bone altar of Kikubaaqudgha.
  1755 | D:3      | Reached XP level 6. HP: 33/41 MP: 6/6
  1964 | D:3      | Found a bloodstained altar of Trog.
  2435 | D:4      | Noticed a black bear
  2440 | D:4      | Killed a black bear
  2441 | D:4      | Reached skill level 5 in Shapeshifting
  2441 | D:4      | Reached XP level 7. HP: 30/46 MP: 7/7
  3482 | D:5      | Entered Level 5 of the Dungeon
  3489 | D:5      | Reached skill level 5 in Unarmed Combat
  3507 | D:5      | Found a large runed translucent door.
  3514 | D:5      | Found a large runed translucent door.
  3516 | D:5      | Noticed Loveship's ghost (novice GrEE)
  3555 | D:5      | Reached skill level 6 in Shapeshifting
  3555 | D:5      | Reached XP level 8. HP: 45/54 MP: 8/8
  3611 | D:5      | Found a basalt altar of Yredelemnul.
  4174 | D:5      | Found a blossoming altar of Fedhas.
  4231 | D:5      | Found an ornate altar of the Wu Jian Council.
  4453 | D:6      | Noticed Menkaure
  4460 | D:6      | Killed Menkaure
  4479 | D:6      | Reached skill level 5 in Fighting
  4485 | D:6      | Reached skill level 7 in Shapeshifting
  4515 | D:6      | Found a staircase to the Ecumenical Temple.
  4580 | Temple   | Entered the Ecumenical Temple
  4707 | D:6      | Found an opulent altar of Gozag.
  4709 | D:6      | Found a runed translucent gate.
  4709 | D:6      | Found a runed translucent gate.
  4709 | D:6      | Found a runed translucent gate.
  4710 | D:6      | Noticed bahustanut's ghost (novice OpCj)
  4762 | D:6      | Killed bahustanut's ghost
  4763 | D:6      | Reached XP level 9. HP: 14/62 MP: 9/9
  4947 | D:6      | Became a worshipper of Gozag Ym Sagoz the Greedy
  4975 | D:6      | Found Meybles's Weapon Boutique.
  5460 | D:6      | Noticed Dowan
  5461 | D:6      | Noticed Duvessa
  5477 | D:6      | Killed Dowan
  5488 | D:6      | Killed Duvessa
  5489 | D:6      | Reached skill level 8 in Shapeshifting
  5778 | D:6      | Found a white marble altar of Elyvilon.
  5784 | D:6      | Found a hide-covered altar of Uskayaw.
  5788 | D:6      | Found a burning altar of Makhleb.
  6027 | D:7      | Identified the +0 robe of Donk {rElec rC- Str+5 SInv}
  6040 | D:7      | Found a glowing silver altar of Zin.
  6601 | D:7      | Found a shimmering altar of Xom.
  7242 | D:8      | Identified the +8 quarterstaff of Cynn {vamp, Will+}
  7436 | D:8      | Found a shadowy altar of Dithmenos.
  7575 | D:8      | Reached XP level 10. HP: 23/69 MP: 10/10
  7579 | D:8      | HP: 3/103 [wight/+0 dagger (5)]
  7580 | D:8      | Slain by a wight

Illustrated notes

Levels and vault maps discovered:
D:1:      psy_arrival_conway, layout_rooms,
          nicolae_concentric_dashed_squares_wild
D:2:      layout_loops_cross, kennysheep_another_room
D:3:      layout_loops_cross, mainiacjoe_overflow_tiny_flanked,
          pf_just_have_faith, serial_shops, shop,
          minmay_fractal_squares_diagonal_5
D:4:      layout_basic, dk_noncrumbling_4
D:5:      layout_cave_pools, nicolae_wu_jian_immortal_techniques,
          nicolae_overflow_crystal_walls, kennysheep_mini,
          ebering_ghost_disaster_area, kennysheep_opposing_triangles
D:6:      layout_basic, minmay_overflow_temple_star_quad,
          minmay_temple_entry_junction, ebering_ghost_gozag, serial_shops,
          nicolae_shop_hallway_plus, kennysheep_dice, uniq_duvessa,
          uniq_menkaure
D:7:      layout_loops_ring, zin_academy, mainiacjoe_overflow_surrounded_room
D:8:      layout_gridville, vehumet_altar_wand_db, general_overflow_altar
Temple:   hellmonk_temple_rainy

Skill      XL: |  1  2  3  4  5  6  7  8  9 |
---------------+----------------------------+-----
Fighting       | 2 3 4 5 6 |  6.9
Shapeshifting  | 4 5 6 7 8 |  8.9
Unarmed Combat | 4 5 6 7 |  7.5
Dodging        | |  2.0

Action                     |  1- 3 |  4- 6 |  7- 9 | 10-12 || total
---------------------------+-------+-------+-------+-------++-------
  Melee: Unarmed           |    72 |    74 |   222 |     5 ||   373
         Constrict         |    17 |    19 |    40 |       ||    76
         Tentacles         |     9 |    18 |    52 |       ||    79
         Punch             |     3 |     3 |    11 |       ||    17
  Evoke: Wand              |       |       |     4 |     1 ||     5
    Use: Scroll            |     4 |     4 |    10 |       ||    18
         Potion            |       |     1 |    14 |       ||    15
   Stab: Sleeping          |     7 |     3 |     5 |       ||    15
         Distracted        |       |       |     4 |       ||     4
 Armour: Skin              |     4 |    15 |    71 |    15 ||   105
  Dodge: Dodged            |    34 |    42 |   114 |     1 ||   191

Table legend: (Time is in decaauts)
 A = Elapsed time spent in this place.
 B = Non-inter-level travel time spent in this place.
 C = Inter-level travel time spent in this place.
 D = Time resting spent in this place.
 E = Time spent auto-exploring this place.
 F = Levels seen in this place.
 G = Mean time per level.
                   A        B        C        D        E       F      G
               +--------+--------+--------+--------+--------+-----+--------+
         Total |   7544 |   7290 |    254 |    592 |   5504 |   9 |  838.2 |
       Dungeon |   7422 |   7188 |    234 |    491 |   5504 |   8 |  927.8 |
        Temple |    122 |    102 |     20 |    101 |      0 |   1 |  122.0 |
               +--------+--------+--------+--------+--------+-----+--------+

Top non-repeatable levels by time:
     D:6: 1446 daAuts
     D:4: 1193 daAuts
     D:7: 1192 daAuts
     D:5: 947 daAuts
     D:3: 845 daAuts
     D:1: 762 daAuts
     D:2: 666 daAuts
     D:8: 367 daAuts
  Temple: 122 daAuts
